 Dungeon Crawl Stone Soup version 0.29.1-4-g47bece8355 (webtiles) character file.

Game seed: 2742038174152451442

231 ChadusMaximus the Shield-Bearer (level 5, 0/48 HPs)
             Began as a Minotaur Fighter on Dec 9, 2022.
             Shot with a sling bullet by a gnoll (3 damage)
             ... led by a gnoll bouda
             ... on level 4 of the Dungeon.
             The game lasted 00:01:46 (2762 turns).

ChadusMaximus the Shield-Bearer (Minotaur Fighter)  Turns: 2762, Time: 00:01:47

Health: 0/48       AC:  7    Str: 23    XL:     5   Next: 72%
Magic:  0/4        EV:  9    Int:  5    God:
Gold:   94         SH:  4    Dex:  9    Spells: 4/4 levels left

rFire   . . .      SeeInvis .   a - +0 war axe
rCold   . . .      Faith    .   c - +0 buckler
rNeg    . . .      Spirit   +   b - +0 scale mail
rPois   .          Reflect  .   (helmet restricted)
rElec   .          Harm     .   (no cloak)
rCorr   .          Rampage  .   (no gloves)
Will    .....                   (no boots)
Stlth   ..........              o - amulet of guardian spirit
HPRegen 0.16/turn               (no ring)
MPRegen 0.09/turn               (no ring)

@: no status effects
A: horns 2, retaliatory headbutt
a: no special abilities


You were on level 4 of the Dungeon.
You visited 1 branch of the dungeon, and saw 4 of its levels.

You collected 94 gold pieces.

Inventory:

Hand Weapons
 a - a +0 war axe (weapon)
Missiles
 n - 4 boomerangs (quivered)
 q - 24 stones
 t - 5 poisoned darts
Armour
 b - a +0 scale mail (worn)
 c - a +0 buckler (worn)
Jewellery
 o - an amulet of guardian spirit (around neck)
 s - an amulet of regeneration
Scrolls
 e - a scroll of enchant armour {unknown}
 f - a scroll of enchant weapon {unknown}
 g - a scroll of vulnerability {unknown}
 h - a scroll of amnesia {unknown}
 i - a scroll of immolation {unknown}
 j - a scroll of teleportation {unknown}
 k - 2 scrolls of identify {unknown}
 p - a scroll of silence {unknown}
Potions
 d - a potion of might
 l - 2 potions of curing {unknown}
 m - a potion of berserk rage {unknown}
 r - 2 potions of degeneration {unknown}


   Skills:
 + Level 5.0 Fighting
 + Level 4.2 Axes
 + Level 5.0 Armour
 + Level 5.0 Shields


You had 4 spell levels left.
You didn't know any spells.
Your spell library contained the following spells:

 Spells                   Type           Power      Damage    Failure   Level
 Sublimation of Blood     Necr           0%         N/A       94%         2
 Wereblood                Tmut           0%         N/A       94%         2
 Summon Hydra             Summ           0%         N/A       100%        7


Dungeon Overview and Level Annotations

Branches:
Dungeon (4/15)
 Temple: D:4-7

Altars:
Uskayaw


Innate Abilities, Weirdness & Mutations

You have a pair of horns on your head.
You reflexively headbutt those who attack you in melee.


Message History

The gnoll bouda is healed somewhat.
The gnoll bouda hits you with a +0 club.
You barely miss the gnoll bouda. You headbutt the gnoll bouda.
The gnoll bouda is severely wounded.
You hit the gnoll bouda but do no damage.
The gnoll bouda is severely wounded.
You hit the gnoll.
You kill the gnoll!
The gnoll hits you from afar with a +0 halberd.
The gnoll bouda mumbles some strange prayers to its god.
The gnoll bouda is healed somewhat.
The gnoll hits you with a +0 flail!
You closely miss the gnoll bouda.
The gnoll bouda is heavily wounded.
You hit the gnoll but do no damage. The gnoll barely misses you.
The gnoll bouda hits you with a +0 club!
The gnoll barely misses you.
The gnoll hits you from afar with a +0 halberd!
* * * LOW HITPOINT WARNING * * *
You block the gnoll bouda's attack.
You slash the gnoll bouda!
The gnoll bouda is almost dead.
You closely miss the gnoll. The gnoll closely misses you.
The gnoll hits you from afar with a +0 halberd.
* * * LOW HITPOINT WARNING * * *
The gnoll bouda barely misses you.
You slash the gnoll bouda!
You kill the gnoll bouda!
You barely miss the gnoll. The gnoll closely misses you.
You block the gnoll's attack.
Your Fighting skill increases to level 5!
Your Armour skill increases to level 5!
Your Shields skill increases to level 5!
You hit the gnoll but do no damage. You headbutt the gnoll.
The gnoll is heavily wounded.
The gnoll hits you from afar with a +0 halberd.
The gnoll shoots a sling bullet.
The sling bullet completely misses you. The gnoll misses you.
You furiously retaliate!
You headbutt the gnoll. The gnoll barely misses you.
The gnoll shoots a sling bullet.
The sling bullet hits you.
You die...

#.# .#.#....# . # #.#
........# ..#. #.#
#.#.....# ..##.# #.......#
#....# #........ #.#..##
#g......##..# #.##..##
#gg.....##..#
#.##...######)########..#
###.##.#...##.g@# .)#
#...##.###.##.### ..#
#.............# #.#
#........####..# #.#
#...♣.♣..# ##.# #.#
#.....♣..# ... #.#
#..♣♣.♣..# ..## ###.#
#..♣♣....#### ... ..#.#
#...........###########.#.#
# ##


You could see 3 gnolls and a hobgoblin.

Vanquished Creatures
  A phantom (D:4)
  A gnoll bouda (D:4)
  A hound (D:4)
  An adder (D:2)
  A gnoll (D:4)
  A worm (D:3)
  A dart slug (D:3)
  11 orcs (D:3)
  6 endoplasms
  2 giant cockroaches
  3 hobgoblins
  5 kobolds
  4 quokkas
  9 ball pythons
  3 bats
  2 frilled lizards
  4 goblins
  6 rats
62 creatures vanquished.

Notes
Turn   | Place    | Note
-------+----------+-------------------------------------------
     0 | D:1      | ChadusMaximus the Minotaur Fighter began the quest for the
                  | Orb.
     0 | D:1      | Reached XP level 1. HP: 19/19 MP: 0/0
   195 | D:1      | Reached XP level 2. HP: 25/27 MP: 1/1
   766 | D:2      | Found a faded altar of an unknown god.
   861 | D:2      | Reached XP level 3. HP: 31/33 MP: 2/2
  1876 | D:3      | Found a hide-covered altar of Uskayaw.
  1918 | D:3      | Reached XP level 4. HP: 40/41 MP: 3/3
  2350 | D:4      | Noticed a phantom
  2361 | D:4      | Killed a phantom
  2362 | D:4      | Reached XP level 5. HP: 37/47 MP: 2/4
  2760 | D:4      | HP: 2/47 [gnoll/+0 halberd[a gnoll bouda] (5)]
  2762 | D:4      | Reached skill level 5 in Fighting
  2762 | D:4      | Reached skill level 5 in Armour
  2762 | D:4      | Reached skill level 5 in Shields
  2762 | D:4      | Shot with a sling bullet by a gnoll

Illustrated notes

Levels and vault maps discovered:
D:1:      denvon_arrival_waterhouse, layout_loops_ring, nicolae_titane
D:2:      layout_basic, ebering_ecumenical_altar_mist
D:3:      layout_rooms, mainiacjoe_overflow_paths, hangedman_decor_points
D:4:      layout_basic, minmay_temple_entry_sparse_star, grunt_ministairs_5,
          chequers_garden, st_stairs_6

Skill      XL: |  1  2  3  4  5 |
---------------+----------------+-----
Fighting       | 4 5 |  5.0
Axes           | 3 4 |  4.2
Armour         | 4 5 |  5.0
Shields        | 4 5 |  5.0

Action                   |  1- 3 |  4- 6 || total
-------------------------+-------+-------++-------
Melee: War axe           |    82 |    51 ||   133
       Headbutt          |    14 |     6 ||    20
Armor: Scale mail        |    31 |    21 ||    52
Dodge: Dodged            |    40 |    23 ||    63
Block: Buckler           |    16 |    10 ||    26
